 Dungeon Crawl Stone Soup version 0.29.1-15-g9cfb28693d (console) character file.

Game seed: 7777883947599629811

226 erker the Vexing (level 6, 0/43 HPs)
             Began as a Formicid Arcane Marksman on Apr 15, 2023.
             Slain by an ufetubus (2 damage)
             ... on level 5 of the Dungeon.
             The game lasted 00:10:26 (5026 turns).

erker the Vexing (Formicid Arcane Marksman)         Turns: 5026, Time: 00:10:27

Health: 0/43       AC:  3    Str: 15    XL:     6   Next: 21%
Magic:  6/7        EV: 12    Int: 14    God:
Gold:   293        SH:  0    Dex: 14    Spells: 0/7 levels left

rFire   . . .      SeeInvis +   b - +0 mace
rCold   . . .      Faith    .   (no shield)
rNeg    . . .      Spirit   .   c - +0 robe
rPois   .          Reflect  .   (helmet unavailable)
rElec   .          Harm     .   (no cloak)
rCorr   .          Rampage  .   (no gloves)
Will    .....                   r - +0 pair of boots
Stlth   +.........              (no amulet)
HPRegen 0.14/turn               (no ring)
MPRegen 0.10/turn               (no ring)

@: no status effects
A: permanent stasis, dig shafts and tunnels, antennae 3, four strong arms
a: Dig, Shaft Self


You were on level 5 of the Dungeon.
You visited 1 branch of the dungeon, and saw 5 of its levels.

You collected 293 gold pieces.

Inventory:

Hand Weapons
 a - a +1 sling
 b - a +0 mace (weapon)
 y - a +0 whip
Missiles
 e - 5 poisoned darts
 u - 5 atropa-tipped darts
Armour
 c - a +0 robe (worn)
 r - a +0 pair of boots (worn)
Scrolls
 f - 2 scrolls of noise {unknown}
 h - a scroll of poison
 i - 4 scrolls of teleportation {unknown}
 j - a scroll of enchant weapon {unknown}
 l - a scroll of magic mapping {unknown}
 m - a scroll of immolation {unknown}
 n - 3 scrolls of identify {unknown}
 p - a scroll of summoning {unknown}
 q - 2 scrolls of enchant armour {unknown}
 s - a scroll of torment {unknown}
 t - a scroll of amnesia {unknown}
 w - 2 scrolls of acquirement {unknown}
Potions
 d - 5 potions of curing {unknown}
 g - 2 potions of might {unknown}
 k - a potion of mutation {unknown}
 o - a potion of attraction {unknown}
 v - a potion of invisibility {unknown}
 x - 2 potions of haste {unknown}
 z - a potion of brilliance {unknown}


   Skills:
 - Level 1.1 Fighting
 * Level 5.1 Ranged Weapons
 - Level 1.7 Dodging
 - Level 1.1 Spellcasting
 + Level 5.3 Hexes


You couldn't memorise any spells.
You knew the following spells:

 Your Spells              Type           Power      Damage    Failure   Level
a - Slow                  Hex            60%        N/A       3%          1
f - Cause Fear            Hex            7%         N/A       28%         4
w - Passwall              Tmut/Erth      0%         N/A       36%         2

Your spell library contained the following spells:

 Spells                   Type           Power      Damage    Failure   Level
 Ensorcelled Hibernation  Hex/Ice        16%        N/A       13%         2
 Inner Flame              Hex/Fire       8%         N/A       26%         3
 Portal Projectile        Hex/Tloc       16%        N/A       26%         3
 Swiftness                Air            Unusable   N/A       N/A         3

Dungeon Overview and Level Annotations

Branches:
Dungeon (5/15)             Temple (0/1) D:5

Altars:
Dithmenos
Hepliaklqana

Annotations:
D:4 exclusion: black bear, Ijyb


Innate Abilities, Weirdness & Mutations

You cannot be hasted, slowed, berserked, paralysed or teleported.
You can dig through walls and to a lower floor.
You have a pair of large antennae on your head. (SInv)
Your four strong arms can wield two-handed weapons with a shield.


Message History

Your Ranged Weapons skill increases to level 5!
Unknown command.
Unknown command.
Unknown command.
Unknown command.
Found 13 gold pieces.
An ufetubus comes into view.
The ufetubus shouts!
Casting: Slow (safe; 3% risk of failure)
Confirm with . or Enter, or press ? or * to list all spells.
Aiming: Slow (safe; 3% risk of failure)
Press: ? - help, Shift-Dir - straight line, f - ufetubus
Aim: an ufetubus (chance to affect: 63%)
The ufetubus seems to slow down.
The ufetubus barely misses you. The ufetubus completely misses you.
The ufetubus attacks as you move away! The ufetubus barely misses you.
The ufetubus hits you.
* * * LOW HITPOINT WARNING * * *
The ufetubus attacks as you move away! The ufetubus hits you.
* * * LOW HITPOINT WARNING * * *
The ufetubus barely misses you.
Press: ? - help, v - describe, . - travel
Here: an ufetubus (slow)
The floor.
Unknown command.
Unknown command.
Unknown command.
Unknown command.
Unknown command.
You hit the ufetubus.
The ufetubus is heavily wounded.
The ufetubus hits you.
* * * LOW HITPOINT WARNING * * *
The ufetubus hits you.
* * * LOW HITPOINT WARNING * * *
You completely miss the ufetubus.
The ufetubus is heavily wounded.
The ufetubus barely misses you. The ufetubus completely misses you.
The ufetubus hits you.
You die...

#...# ..#
#...##..#
###.....#
#.....#
#.#...##
#....###
#......#
#.5....#
##@#####
#.# #.#
#<# ###


You could see an ufetubus (slow).

Vanquished Creatures
  An iguana (D:5)
  3 orc wizards
  7 adders
  2 dart slugs
  11 orcs
  3 bats
  5 endoplasms
  5 giant cockroaches
  2 goblins (D:2)
  3 hobgoblins
  A quokka (D:4)
  4 ball pythons (D:2)
  2 frilled lizards
  2 kobolds
  4 rats
55 creatures vanquished.

Notes
Turn   | Place    | Note
-------+----------+-------------------------------------------
     0 | D:1      | erker the Formicid Arcane Marksman began the quest for the
                  | Orb.
     0 | D:1      | Reached XP level 1. HP: 15/15 MP: 2/2
   399 | D:1      | Found a faded altar of an unknown god.
   598 | D:1      | Reached XP level 2. HP: 21/21 MP: 3/3
  1346 | D:2      | Reached XP level 3. HP: 11/26 MP: 1/4
  2091 | D:2      | Reached XP level 4. HP: 31/32 MP: 5/5
  2096 | D:2      | Learned a level 4 spell: Cause Fear
  2786 | D:3      | Found a shadowy altar of Dithmenos.
  3102 | D:3      | Reached XP level 5. HP: 37/37 MP: 4/6
  3811 | D:4      | Noticed a black bear
  3851 | D:4      | Found a hazy altar of Hepliaklqana.
  4041 | D:4      | Reached skill level 5 in Hexes
  4144 | D:4      | Reached XP level 6. HP: 33/43 MP: 7/7
  4147 | D:4      | Learned a level 2 spell: Passwall
  4350 | D:4      | Noticed Ijyb
  4945 | D:5      | Entered Level 5 of the Dungeon
  4945 | D:5      | Noticed an ogre
  4945 | D:5      | Found a staircase to the Ecumenical Temple.
  5008 | D:5      | Reached skill level 5 in Ranged Weapons
  5025 | D:5      | HP: 2/43 [ufetubus (4)]
  5026 | D:5      | Slain by an ufetubus

Illustrated notes

Levels and vault maps discovered:
D:1:      scummos_arrival_simple_crosswalls, layout_basic,
          shapermc_ecumenical_altar_totnotflames
D:2:      layout_rooms, minmay_splitting_lines, minmay_misc_feat_more_columns,
          kennysheep_generic_room_8
D:3:      layout_basic, grunt_dithmenos_smoke_and_mirrors, serial_glass,
          glass_columns_a, glass_columns_a, due_unseen_surprise
D:4:      layout_loops_corners, nicolae_hepliaklqana_hippocampus, uniq_ijyb
D:5:      layout_basic, marbit_many_paths,
          mainiacjoe_overflow_concentric_impassable,
          minmay_temple_entry_stoned_glass, uniq_eustachio, uniq_duvessa

Skill      XL: |  1  2  3  4  5  6 |
---------------+-------------------+-----
Hexes          | 4 5 |  5.3
Ranged Weapons | 3 4 5 |  5.1
Fighting       | |  1.1
Dodging        | |  1.7
Spellcasting   | |  1.1

Action                   |  1- 3 |  4- 6 || total
-------------------------+-------+-------++-------
Melee: Mace              |    18 |    36 ||    54
 Fire: Sling             |    65 |   118 ||   183
 Cast: Slow              |     6 |    12 ||    18
       Passwall          |       |     2 ||     2
       Cause Fear        |       |     1 ||     1
Armor: Robe              |     8 |    17 ||    25
Dodge: Dodged            |    31 |    59 ||    90
